 Dungeon Crawl Stone Soup version 0.28-a0-604-g249bb1af34 (webtiles) character file.

Game seed: 17049530081390195856

171679 Gargoyl the Envoy of Void (level 18, -8/143 HPs)
             Began as a Gnoll Abyssal Knight on Oct 5, 2021.
             Was a High Priest of Lugonu.
             Killed by the air
             ... invoked by a wind drake
              (17 damage)
             ... on level 4 of the Shoals.
             The game lasted 00:43:06 (23525 turns).

Gargoyl the Envoy of Void (Gnoll Abyssal Knight)   Turns: 23525, Time: 00:43:08

Health: -8/143     AC: 40    Str: 36    XL:     18   Next: 1%
Magic:  32/33      EV: 17    Int: 10    God:    Lugonu [*****.]
Gold:   469        SH: 11    Dex: 24    Spells: 40/40 levels left

rFire   . . .      SeeInvis +   k - +6 war axe (drain)
rCold   . . .      Faith    .   R - +3 buckler "Acsuhott" {rN++ SInv}
rNeg    + + +      Spirit   .   E - +10 plate armour of Rufint {rN+}
rPois   .          Reflect  .   Y - +2 helmet "Suhukuk" {Str+7 Int-5 Dex+3 SInv}
rElec   .          Harm     .   B - scarf {repulsion}
rCorr   .          Rampage  +   b - +2 pair of gloves {Stlth+}
Will    +....                   W - +2 pair of boots {rampage}
Stlth   ++........              h - amulet of regeneration
HPRegen 1.33/turn               I - ring "Wakhleb" {AC+4 Str+2 Dex+7}
MPRegen 0.23/turn               o - ring "Canlopus" {Str+6 Int+5 Slay+3}

@: lethally poisoned (-8 -> -19), about to teleport, repel missiles, very slow
A: fangs 1, strong nose, distributed training, thin skeletal structure 1,
screaming 1
a: Renounce Religion, Depart the Abyss, Bend Space, Banish, Corrupt, Enter the
Abyss


You were on level 4 of the Shoals.
You worshipped Lugonu.
Lugonu was extremely pleased with you.
You visited 4 branches of the dungeon, and saw 27 of its levels.
You visited the Abyss 4 times.
You also visited: Bailey.

You collected 3016 gold pieces.
You spent 2547 gold pieces at shops.

Inventory:

Hand Weapons
 k - a +6 war axe of draining (weapon)
 z - a +3 broad axe
 V - a +4 broad axe of flaming
Missiles
 p - 112 poisoned darts
 t - 4 throwing nets
 y - 7 curare-tipped darts (quivered)
Armour
 b - a +2 pair of gloves of stealth (worn)
 B - a scarf of repulsion (worn)
 E - the +10 plate armour of Rufint (worn) {rN+}
   (You bought it in a shop on level 11 of the Dungeon)

   rN:        It protects you from negative energy.
 R - the +3 buckler "Acsuhott" (worn) {rN++ SInv}
   (You bought it in a shop on level 11 of the Dungeon)

   rN:        It greatly protects you from negative energy.
   SInv:      It lets you see invisible.
 W - a +2 pair of boots of rampaging (worn)
 Y - the +2 helmet "Suhukuk" (worn) {Str+7 Int-5 Dex+3 SInv}
   (You bought it in a shop on level 2 of the Orcish Mines)

   Str:       It affects your strength (+7).
   Int:       It affects your intelligence (-5).
   Dex:       It affects your dexterity (+3).
   SInv:      It lets you see invisible.
Jewellery
 f - a ring of resist corrosion
 h - an amulet of regeneration (around neck)
 o - the ring "Canlopus" (right hand) {Str+6 Int+5 Slay+3}
   (You acquired it on level 7 of the Dungeon)

   [ring of strength]

   Str:       It affects your strength (+6).
   Int:       It affects your intelligence (+5).
   Slay:      It affects your accuracy & damage with ranged weapons and melee
   (+3).
 I - the ring "Wakhleb" (left hand) {AC+4 Str+2 Dex+7}
   (You found it on level 3 of the Lair of Beasts)

   [ring of protection]

   AC:        It affects your AC (+4).
   Str:       It affects your strength (+2).
   Dex:       It affects your dexterity (+7).
 M - an amulet of the acrobat
 Z - a ring of protection from cold
Wands
 g - a wand of flame (58)
 r - a wand of iceblast (87)
 x - a wand of charming (4)
 D - a wand of acid (32)
 G - a wand of polymorph (11)
 S - a wand of paralysis (35)
 T - a wand of mindburst (24)
 U - a wand of digging (11)
Scrolls
 a - 4 scrolls of magic mapping
 c - a scroll of identify
 e - 3 scrolls of brand weapon
 i - 11 scrolls of teleportation
 q - a scroll of silence
 u - 5 scrolls of blinking
 w - 2 scrolls of fog
 C - a scroll of fear
 K - a scroll of summoning
Potions
 d - 6 potions of haste
 j - 5 potions of heal wounds
 l - 3 potions of might
 n - 2 potions of curing
 s - 2 potions of flight
 F - a potion of brilliance
 H - 2 potions of resistance {unknown}
 P - a potion of attraction {unknown}


   Skills:
 + Level 13.2 Fighting
 + Level 11.6 Short Blades
 + Level 11.6 Long Blades
 + Level 12.4 Axes
 + Level 11.6 Maces & Flails
 + Level 11.6 Polearms
 + Level 11.6 Staves
 + Level 11.6 Slings
 + Level 11.6 Bows
 + Level 11.6 Crossbows
 + Level 11.6 Throwing
 + Level 12.4 Armour
 + Level 11.9 Dodging
 + Level 11.6 Stealth
 + Level 11.6 Shields
 + Level 11.6 Unarmed Combat
 + Level 11.6 Spellcasting
 + Level 9.8 Conjurations
 + Level 9.8 Hexes
 + Level 9.8 Summonings
 + Level 9.8 Necromancy
 + Level 9.8 Translocations
 + Level 9.8 Transmutations
 + Level 9.8 Fire Magic
 + Level 9.8 Ice Magic
 + Level 9.8 Air Magic
 + Level 9.8 Earth Magic
 + Level 9.8 Poison Magic
 + Level 13.4 Invocations
 + Level 11.6 Evocations


You had 40 spell levels left.
You didn't know any spells.
Your spell library contained the following spells:

 Spells                   Type           Power      Damage    Failure   Level
 Apportation              Tloc           50%        N/A       1%          1
 Blink                    Tloc           N/A        N/A       1%          2
 Slow                     Hex            25%        N/A       1%          2
 Static Discharge         Conj/Air       25%        N/A       1%          2
 Sublimation of Blood     Necr           12%        N/A       1%          2
 Wereblood                Tmut           25%        N/A       1%          2
 Confusing Touch          Hex            25%        N/A       2%          3
 Ozocubu's Armour         Ice            25%        N/A       2%          3
 Portal Projectile        Hex/Tloc       50%        N/A       2%          3
 Dispel Undead            Necr           25%        3d12      10%         4
 Sticky Flame             Conj/Fire      25%        2d5       10%         4
 Alistair's Intoxication  Tmut/Pois      16%        N/A       26%         5
 Blade Hands              Tmut           12%        N/A       26%         5
 Excruciating Wounds      Necr           12%        N/A       26%         5
 Manifold Assault         Tloc           25%        N/A       26%         5
 Metabolic Englaciation   Hex/Ice        12%        N/A       26%         5
 Summon Forest            Summ/Tloc      12%        N/A       26%         5
 Summon Mana Viper        Hex/Summ       25%        N/A       26%         5
 Yara's Violent Unravell  Hex/Tmut       12%        3d7       26%         5
 Invisibility             Hex            12%        N/A       82%         6
 Simulacrum               Ice/Necr       12%        N/A       82%         6
 Summon Cactus Giant      Summ           12%        N/A       82%         6
 Storm Form               Tmut/Air       12%        N/A       100%        7
 Summon Hydra             Summ           12%        N/A       100%        7


Dungeon Overview and Level Annotations

Branches:
Dungeon (15/15)            Temple (0/1) D:4            Lair (6/6) D:10
 Shoals (4/4) Lair:3       Spider (0/4) Lair:4        Slime (0/5) Lair:5
    Orc (2/2) D:11            Elf (0/3) Orc:2        Vaults (0/5) D:14
 Depths (0/4) D:15         Bailey (visited)

Altars:
Ashenzari
Cheibriados
Elyvilon
Gozag
Hepliaklqana
Makhleb
Qazlal
Sif Muna
Uskayaw
Wu Jian
Xom
Zin
The Shining One
Jiyva

Shops:
D:3 *   D:5 (   D:7 [?   D:8 =   D:11 [(   D:13 [   D:14 *   Orc:1 *
Orc:2 =[[?[   Shoals:3 (

Annotations:
D:12 6 runed translucent doors
Orc:1 2 transporters, tensugalgo's ghost, journeyman BaSu
Abyss:1 Duvessa; Nikola


Innate Abilities, Weirdness & Mutations

You have very sharp teeth.
Your uncanny sense of smell can sniff out nearby items.
Your experience applies equally to all skills.
You have a somewhat thin skeletal structure. (Dex +2, Stealth+)
You occasionally shout uncontrollably at your foes.


Message History

The javelin pierces through the snapping turtle!!
The snapping turtle closely misses you.
The merfolk impaler hits you from afar with a +1 trident of freezing.
The merfolk impaler freezes you. The merfolk misses you.
The manticore closely misses you.
The manticore claws you but does no damage.
The manticore misses you.
The merfolk aquamancer hits you but does no damage.
The water nymph gestures at you while chanting.
The water swirls and strikes you. You block the merfolk impaler's attack.
The water nymph gestures at you while chanting.
The water swirls and strikes you. Space bends around you!
You blink.
Splash!
A water nymph comes into view.
You feel extremely sick.
The water nymph shouts!
The wind drake exhales a fierce blast of wind!
You are blown backwards!
The merfolk avatar chants a haunting song.
You resist.
The merfolk avatar chants a haunting song.
You resist.
The manticore bites the plant!
The plant begins to die.
The manticore claws the plant! x2
Unknown command.
Unknown command.
You feel extremely sick.
The centaur wields a +0 shortbow.
The centaur shoots an arrow.
You block the arrow.
Splash!
You fall into the shallow water.
Moving in this stuff is going to be slow.
The merfolk siren chants a haunting song.
You resist with almost no effort.
The water nymph gestures at you while chanting.
The water swirls and strikes you!!
* * * LOW HITPOINT WARNING * * *
The wind drake flaps its wings at you. The air twists around and strikes you!
You die...

≈≈≈≈≈3mmH## ≈≈.≈mmm3mm##
≈≈≈.≈Stm.Hm#######
≈≈...mSmmmm≈mm...# .
≈≈...mm≈≈H≈m≈H≈..## ..
≈≈≈≈≈≈≈mH≈mtc≈≈...###...
≈≈≈≈≈≈≈≈mP≈mmmmm........
######≈≈≈Pmm≈H≈.........
##≈≈≈mP≈mk.@.≈.....
##≈m≈≈P≈≈..m≈≈≈≈.. ∆
#≈≈P≈≈≈≈.≈≈≈≈≈≈..
#≈≈≈P≈≈≈P..≈≈≈≈..
#≈≈≈≈P≈P≈........
#≈≈P≈≈≈≈≈....####
#≈≈≈≈≈≈≈≈≈..#..
..≈≈≈≈P≈≈≈≈#≈#≈≈
.≈≈≈≈≈P≈≈#≈#≈≈≈


You could see 3 merfolk avatars, 3 merfolk impalers, 2 merfolk javelineers, a
merfolk aquamancer, a snapping turtle, a wind drake (repels missiles), 5
merfolk, a manticore, 2 merfolk sirens, 3 water nymphs, 3 harpies and a centaur.

Vanquished Creatures
  The ghost of Aduepsicimn the Severer, an adept FoFi of Ru (Shoals:3)
  Polyphemus (Shoals:3)
  Gastronok (Orc:1)
  Louise (Shoals:2)
  3 vault wardens
  An ironbound preserver (Shoals:3)
  An orc warlord (Orc:2)
  A dire elephant (D:15)
  A merfolk impaler (Shoals:1)
  A merfolk javelineer (Shoals:2)
  The ghost of Lymetel the Unseen, a journeyman OpBr of Dithmenos (D:12)
  A great orb of eyes (Abyss:3)
  Erolcha (D:9)
  A rakshasa (D:14)
  5 vault guards (D:14)
  2 catoblepae
  3 centaur warriors
  The ghost of hemabe71 the Charlatan, a journeyman HuAr of Trog (D:10)
  7 two-headed ogres
  A hydra (D:15)
  3 merfolk aquamancers
  3 death knights
  7 death yaks
  Sonja (Lair:1)
  A sun demon (D:13)
  14 sea snakes
  An ironbound convoker (D:12)
  2 wizards
  19 harpies
  A deep elf pyromancer (D:15)
  6 orc knights
  15 manticores
  18 ugly things
  2 oklob plants (Shoals:2)
  15 fauns
  An orc sorcerer (D:14)
  3 cyclopes
  2 wolf spiders (Lair:6)
  Maurice (Orc:1)
  6 water nymphs
  4 merfolk sirens
  3 naga magi
  Joseph (Lair:1)
  7 black mambas
  A guardian serpent (Lair:6)
  14 cane toads
  A rime drake (Lair:1)
  A kobold demonologist (D:11)
  An unseen horror (D:13)
  4 freezing wraiths
  An unseen horror (shapeshifter) (D:14)
  7 komodo dragons
  A tengu conjurer (D:9)
  An ice devil (D:13)
  14 merfolk
  A jumping spider (Lair:4)
  5 trolls
  3 wind drakes
  A polar bear (Lair:4)
  A large abomination (Abyss:3)
  2 hornets (Lair:6)
  Grinder (D:5)
  5 dream sheep
  8 snapping turtles
  4 slime creatures (D:13)
  11 blink frogs
  A shadow (D:12)
  43 yaks
  A yak (shapeshifter) (D:14)
  4 water elementals (Shoals:3)
  3 wraiths
  11 wyverns
  4 basilisks
  2 steam dragons
  A human (D:14)
  2 vampire mosquitoes (D:12)
  9 wargs
  An acid dragon (D:12)
  21 water moccasins
  8 black bears
  44 orc warriors
  2 sky beasts
  A necrophage (D:5)
  12 ogres
  An ice beast (D:6)
  8 wolves
  20 centaurs
  5 boggarts (D:14)
  4 kobold brigands
  Blork the orc (D:6)
  13 bullfrogs
  A scorpion (D:5)
  2 jellies
  2 water moccasin skeletons
  Dowan (D:6)
  14 killer bees
  2 small abominations
  8 wights
  4 electric eels
  8 howler monkeys
  4 centaur zombies
  4 crimson imps (D:13)
  4 hounds
  A bullfrog skeleton (D:6)
  6 orc priests
  2 gnoll shamans
  2 centaur skeletons
  Ijyb (D:5)
  10 orc wizards
  2 hound skeletons (D:5)
  Robin (D:4)
  10 adders
  13 gnolls
  A howler monkey skeleton (D:7)
  3 shadow imps
  4 white imps (D:13)
  An adder skeleton (D:4)
  A worm (D:5)
  3 dart slugs
  77 orcs
  6 ball pythons
  4 endoplasms
  2 giant cockroaches
  8 hobgoblins
  3 jackals (D:1)
  5 quokkas
  3 training dummies (Shoals:3)
  10 bats
  3 frilled lizards
  14 goblins
  24 kobolds
  3 rats
758 creatures vanquished.

Vanquished Creatures (collateral kills)
  An adder (D:2)
  A hobgoblin (D:2)
2 creatures vanquished.

Vanquished Creatures (others)
  A merfolk avatar (Shoals:2)
  A cyclops (D:14)
  A merfolk (Shoals:2)
  A snapping turtle (Shoals:2)
  A fire vortex (Lair:6)
  25 fungi
  111 plants
141 creatures vanquished.

Grand Total: 901 creatures vanquished

Notes
Turn   | Place    | Note
-------+----------+-------------------------------------------
     0 | Abyss:1  | Gargoyl the Gnoll Abyssal Knight began the quest for the
                  | Orb.
     0 | Abyss:1  | Reached XP level 1. HP: 23/23 MP: 3/3
    51 | Abyss:1  | Noticed a wight
    52 | Abyss:1  | Noticed a great orb of eyes
    57 | Abyss:1  | Killed a wight
    58 | Abyss:1  | Reached XP level 2. HP: 13/29 MP: 5/5
    58 | Abyss:1  | Reached XP level 3. HP: 15/35 MP: 6/6
    59 | Abyss:1  | Paralysed by a great orb of eyes for 5 turns
    65 | D:1      | Escaped the Abyss
   531 | D:1      | Reached skill level 1 in Short Blades
   531 | D:1      | Reached skill level 1 in Long Blades
   531 | D:1      | Reached skill level 1 in Maces & Flails
   531 | D:1      | Reached skill level 1 in Polearms
   531 | D:1      | Reached skill level 1 in Staves
   531 | D:1      | Reached skill level 1 in Slings
   531 | D:1      | Reached skill level 1 in Bows
   531 | D:1      | Reached skill level 1 in Crossbows
   531 | D:1      | Reached skill level 1 in Throwing
   531 | D:1      | Reached skill level 1 in Stealth
   531 | D:1      | Reached skill level 1 in Shields
   531 | D:1      | Reached skill level 1 in Unarmed Combat
   531 | D:1      | Reached skill level 1 in Spellcasting
   531 | D:1      | Reached skill level 1 in Evocations
   533 | D:1      | Reached * piety under Lugonu
   656 | D:1      | Reached XP level 4. HP: 39/41 MP: 7/7
   675 | D:1      | Found a faded altar of an unknown god.
  1240 | D:2      | Reached skill level 1 in Conjurations
  1240 | D:2      | Reached skill level 1 in Hexes
  1240 | D:2      | Reached skill level 1 in Summonings
  1240 | D:2      | Reached skill level 1 in Necromancy
  1240 | D:2      | Reached skill level 1 in Translocations
  1240 | D:2      | Reached skill level 1 in Transmutations
  1240 | D:2      | Reached skill level 1 in Fire Magic
  1240 | D:2      | Reached skill level 1 in Ice Magic
  1240 | D:2      | Reached skill level 1 in Air Magic
  1240 | D:2      | Reached skill level 1 in Earth Magic
  1240 | D:2      | Reached skill level 1 in Poison Magic
  1764 | D:2      | Reached XP level 5. HP: 18/47 MP: 8/8
  2128 | D:3      | Found a glowing golden altar of the Shining One.
  2192 | D:3      | Reached ** piety under Lugonu
  2236 | D:3      | Reached skill level 5 in Invocations
  2238 | D:3      | Reached XP level 6. HP: 38/53 MP: 9/9
  2467 | D:3      | Found Luehicsa's General Store.
  2641 | D:4      | Reached skill level 5 in Axes
  2641 | D:4      | Reached skill level 5 in Armour
  2784 | D:4      | Found a white marble altar of Elyvilon.
  2817 | D:4      | Found a staircase to the Ecumenical Temple.
  2867 | D:4      | Reached XP level 7. HP: 59/59 MP: 10/10
  3242 | D:4      | Found a burning altar of Makhleb.
  3258 | D:4      | Noticed Robin
  3274 | D:4      | Killed Robin
  3486 | D:5      | Entered Level 5 of the Dungeon
  3524 | D:5      | Noticed Grinder
  3536 | D:5      | Paralysed by Grinder for 2 turns
  3551 | D:5      | Paralysed by Grinder for 2 turns
  3553 | D:5      | Killed Grinder
  3590 | D:5      | Found an opulent altar of Gozag.
  3617 | D:5      | Reached XP level 8. HP: 67/67 MP: 12/12
  3703 | D:5      | Found Qeefuiph's Antique Weapon Boutique.
  3883 | D:5      | Reached *** piety under Lugonu
  3901 | D:5      | Found a snail-covered altar of Cheibriados.
  4047 | D:5      | Found a stormy altar of Qazlal.
  4161 | D:5      | Noticed Ijyb
  4176 | D:5      | Killed Ijyb
  4220 | D:5      | Reached XP level 9. HP: 73/73 MP: 14/14
  4679 | D:6      | Reached skill level 5 in Dodging
  4881 | D:6      | Reached **** piety under Lugonu
  4951 | D:6      | Reached XP level 10. HP: 80/80 MP: 17/17
  5101 | D:6      | Noticed Blork the orc
  5116 | D:6      | Killed Blork the orc
  5147 | D:6      | Noticed Duvessa
  5147 | D:6      | Noticed Dowan
  5161 | D:6      | Killed Dowan
  5165 | D:6      | Banished Duvessa
  5231 | D:6      | Found a hide-covered altar of Uskayaw.
  5341 | D:6      | Reached skill level 5 in Short Blades
  5341 | D:6      | Reached skill level 5 in Long Blades
  5341 | D:6      | Reached skill level 5 in Maces & Flails
  5341 | D:6      | Reached skill level 5 in Polearms
  5341 | D:6      | Reached skill level 5 in Staves
  5341 | D:6      | Reached skill level 5 in Slings
  5341 | D:6      | Reached skill level 5 in Bows
  5341 | D:6      | Reached skill level 5 in Crossbows
  5341 | D:6      | Reached skill level 5 in Throwing
  5341 | D:6      | Reached skill level 5 in Stealth
  5341 | D:6      | Reached skill level 5 in Shields
  5341 | D:6      | Reached skill level 5 in Unarmed Combat
  5341 | D:6      | Reached skill level 5 in Spellcasting
  5341 | D:6      | Reached skill level 5 in Evocations
  5785 | D:7      | Found Upsosi's Magic Scroll Shop.
  5794 | D:7      | Identified a scroll of acquirement
  5794 | D:7      | Acquired the ring "Canlopus" {Str+6 Int+5 Slay+3}
  5806 | D:7      | Bought a scroll of teleportation for 39 gold pieces
  5806 | D:7      | Bought a scroll of enchant weapon for 97 gold pieces
  5806 | D:7      | Bought a scroll of teleportation for 39 gold pieces
  5806 | D:7      | Bought a scroll of blinking for 97 gold pieces
  5826 | D:7      | Found a shimmering altar of Xom.
  5853 | D:7      | Found Ironufof's Antique Armour Emporium.
  5893 | D:7      | Found a broken altar of Ashenzari.
  6276 | D:8      | Found Rih Ife's Jewellery Shop.
  6462 | D:8      | Found an ornate altar of the Wu Jian Council.
  6462 | D:8      | Found a shimmering blue altar of Sif Muna.
  6854 | D:9      | You fall into a shaft and drop 1 floor!
  6854 | D:10     | Entered Level 10 of the Dungeon
  7094 | D:9      | Noticed Erolcha
  7108 | D:9      | Cast into level 1 of the Abyss (Erolcha)
  7108 | Abyss:1  | Found a corrupted altar of Lugonu.
  7157 | D:9      | Escaped the Abyss
  7165 | D:9      | Killed Erolcha
  7166 | D:9      | Reached XP level 11. HP: 75/87 MP: 19/19
  7322 | D:9      | Found a hazy altar of Hepliaklqana.
  7684 | D:9      | Reached skill level 5 in Conjurations
  7684 | D:9      | Reached skill level 5 in Hexes
  7684 | D:9      | Reached skill level 5 in Summonings
  7684 | D:9      | Reached skill level 5 in Necromancy
  7684 | D:9      | Reached skill level 5 in Translocations
  7684 | D:9      | Reached skill level 5 in Transmutations
  7684 | D:9      | Reached skill level 5 in Fire Magic
  7684 | D:9      | Reached skill level 5 in Ice Magic
  7684 | D:9      | Reached skill level 5 in Air Magic
  7684 | D:9      | Reached skill level 5 in Earth Magic
  7684 | D:9      | Reached skill level 5 in Poison Magic
  7950 | D:10     | Found a staircase to the Lair.
  7987 | D:10     | Found a glowing silver altar of Zin.
  7987 | D:10     | Noticed an angel
  7996 | D:10     | Noticed a two-headed ogre
  8004 | D:10     | Killed a two-headed ogre
  8077 | D:10     | Found a runed translucent door.
  8077 | D:10     | Noticed hemabe71's ghost (journeyman HuAr)
  8138 | D:10     | Killed hemabe71's ghost
  8440 | Lair:1   | Entered Level 1 of the Lair of Beasts
  8876 | Lair:1   | Noticed Sonja
  8885 | Lair:1   | Killed Sonja
  8886 | Lair:1   | Reached XP level 12. HP: 96/96 MP: 22/22
  9157 | Lair:1   | Noticed Joseph
  9173 | Lair:1   | Killed Joseph
  9216 | Lair:2   | Gained mutation: You tend to lose your temper in combat.
                  | [potion of mutation]
  9216 | Lair:2   | Gained mutation: You have a pair of small antennae on your
                  | head. [potion of mutation]
  9216 | Lair:2   | Gained mutation: You are agile. (Dex +2) [potion of
                  | mutation]
  9217 | Lair:2   | Lost mutation: You are agile. (Dex +2) [potion of mutation]
  9217 | Lair:2   | Lost mutation: You tend to lose your temper in combat.
                  | [potion of mutation]
  9217 | Lair:2   | Lost mutation: You have a pair of small antennae on your
                  | head. [potion of mutation]
  9217 | Lair:2   | Gained mutation: You are partially covered in iridescent
                  | scales. (AC +2) [potion of mutation]
  9542 | Lair:2   | You fall into a shaft and drop 2 floors!
  9611 | Lair:4   | Noticed a catoblepas
  9631 | Lair:4   | Killed a catoblepas
  9631 | Lair:4   | Reached ***** piety under Lugonu
  9717 | Lair:4   | Found a hole to the Spider Nest.
  9762 | Lair:3   | Noticed a six-headed hydra
  9769 | Lair:3   | Banished a six-headed hydra
  9906 | Lair:2   | Reached skill level 10 in Fighting
 10463 | Lair:3   | Noticed an eight-headed hydra
 10466 | Lair:3   | Banished an eight-headed hydra
 10667 | Lair:3   | Found a staircase to the Shoals.
 10726 | Lair:3   | Identified the ring "Wakhleb" {AC+4 Str+2 Dex+7}
 11170 | Lair:4   | Noticed an eight-headed hydra
 11175 | Lair:4   | Reached XP level 13. HP: 103/103 MP: 24/24
 11229 | Lair:4   | Reached skill level 10 in Invocations
 11324 | Lair:4   | Found a hide-covered altar of Uskayaw.
 12121 | Lair:5   | Found a viscous altar of Jiyva.
 12121 | Lair:5   | Found a staircase to the Slime Pits.
 12184 | Lair:6   | Entered Level 6 of the Lair of Beasts
 13399 | Lair:6   | Reached skill level 10 in Axes
 13399 | Lair:6   | Reached skill level 10 in Armour
 13399 | Lair:6   | Reached XP level 14. HP: 107/113 MP: 26/26
 13723 | D:11     | Found Ototurile's Armour Shoppe.
 13724 | D:11     | Found a staircase to the Orcish Mines.
 13728 | D:11     | Found Touhu's Weapon Shoppe.
 13749 | D:11     | Bought the +10 plate armour of Rufint {rN+} for 842 gold
                  | pieces
 14473 | D:12     | Found a large runed translucent door.
 14473 | D:12     | Found a large runed translucent door.
 14473 | D:12     | Found a large runed translucent door.
 14473 | D:12     | Found a large runed translucent door.
 14473 | D:12     | Found a large runed translucent door.
 14473 | D:12     | Noticed a vault warden
 14473 | D:12     | Noticed Lymetel's ghost (journeyman OpBr)
 14474 | D:12     | Found a large runed translucent door.
 14474 | D:12     | Found a large runed translucent door.
 14477 | D:12     | Found a large runed translucent door.
 15043 | D:12     | Killed a vault warden
 15057 | D:12     | Killed Lymetel's ghost
 15417 | D:13     | Reached ****** piety under Lugonu
 15525 | D:13     | Identified the +0 robe of Objectivity {rC+++ rN++ Will-
                  | MP-9}
 15672 | D:13     | Found Hifeet's Armour Shoppe.
 15754 | D:11     | Bought the +3 buckler "Acsuhott" {rN++ SInv} for 412 gold
                  | pieces
 16753 | D:14     | Found Arazu's Serpentskin Sales.
 16770 | D:14     | Reached skill level 10 in Dodging
 16819 | D:14     | Bought 3 curare-tipped darts for 21 gold pieces
 16872 | D:14     | Cast into level 3 of the Abyss (a wizard)
 16913 | Abyss:3  | Found a corrupted altar of Lugonu.
 16924 | Abyss:3  | Found a corrupted altar of Lugonu.
 16953 | Abyss:3  | Noticed a bone dragon
 16954 | D:14     | Escaped the Abyss
 17050 | D:14     | Reached XP level 15. HP: 119/120 MP: 28/28
 17473 | D:14     | Found a gate to the Vaults.
 17498 | D:14     | Reached skill level 10 in Short Blades
 17498 | D:14     | Reached skill level 10 in Long Blades
 17498 | D:14     | Reached skill level 10 in Maces & Flails
 17498 | D:14     | Reached skill level 10 in Polearms
 17498 | D:14     | Reached skill level 10 in Staves
 17498 | D:14     | Reached skill level 10 in Slings
 17498 | D:14     | Reached skill level 10 in Bows
 17498 | D:14     | Reached skill level 10 in Crossbows
 17498 | D:14     | Reached skill level 10 in Throwing
 17498 | D:14     | Reached skill level 10 in Stealth
 17498 | D:14     | Reached skill level 10 in Shields
 17498 | D:14     | Reached skill level 10 in Unarmed Combat
 17498 | D:14     | Reached skill level 10 in Spellcasting
 17498 | D:14     | Reached skill level 10 in Evocations
 17857 | D:15     | Entered Level 15 of the Dungeon
 18268 | D:15     | Found a staircase to the Depths.
 18755 | Orc:1    | Entered Level 1 of the Orcish Mines
 18801 | Orc:1    | Noticed Gastronok
 18821 | Orc:1    | Killed Gastronok
 18861 | Orc:1    | Found Hetef's Gadget Gallery.
 18870 | Orc:1    | Found a transporter.
 18879 | Orc:1    | Noticed tensugalgo's ghost (journeyman BaSu)
 18886 | Orc:1    | Found a transporter.
 18898 | Orc:1    | Noticed Maurice
 18906 | Orc:1    | Killed Maurice
 19203 | Orc:2    | Entered Level 2 of the Orcish Mines
 19229 | Orc:2    | Noticed an orc warlord
 19332 | Orc:2    | Killed an orc warlord
 19459 | Orc:1    | Found a flagged portal.
 19475 | Bailey   | Entered a bailey
 19946 | Orc:2    | Found a staircase to the Elven Halls.
 19991 | Orc:2    | Found Qimaxare's Antique Armour Shop.
 19991 | Orc:2    | Found Susia's Magic Scroll Shoppe.
 20002 | Orc:2    | Found Ytiappol's Armour Boutique.
 20041 | Orc:2    | Found Joroe's Antique Armour Emporium.
 20048 | Orc:2    | Bought a scroll of teleportation for 45 gold pieces
 20048 | Orc:2    | Bought a scroll of teleportation for 45 gold pieces
 20048 | Orc:2    | Bought a scroll of enchant weapon for 112 gold pieces
 20048 | Orc:2    | Bought a scroll of teleportation for 45 gold pieces
 20055 | Orc:2    | Bought the +2 helmet "Suhukuk" {Str+7 Int-5 Dex+3 SInv} for
                  | 543 gold pieces
 20193 | Orc:2    | Found Wuitz's Jewellery Shoppe.
 20360 | Orc:2    | Bought a pair of embroidered gloves for 210 gold pieces
 20613 | Shoals:1 | Entered Level 1 of the Shoals
 20821 | Shoals:1 | Noticed Nikola
 20831 | Shoals:1 | Banished Nikola
 20832 | Shoals:1 | Reached XP level 16. HP: 65/128 MP: 21/30
 21397 | Shoals:2 | Reached XP level 17. HP: 135/135 MP: 31/31
 21751 | Shoals:2 | Noticed Louise
 21797 | Shoals:2 | Killed Louise
 22424 | Shoals:3 | Noticed Polyphemus
 22434 | Shoals:3 | Killed Polyphemus
 22638 | Shoals:3 | Found Onkuil's Firing Range.
 22732 | Shoals:3 | Lost mutation: You are partially covered in iridescent
                  | scales. (AC +2) [potion of mutation]
 22732 | Shoals:3 | Gained mutation: You are dopey. (Int -2) [potion of
                  | mutation]
 22732 | Shoals:3 | Gained mutation: You are frail. (-10% HP) [potion of
                  | mutation]
 22732 | Shoals:3 | Gained mutation: Your spells are a little harder to cast,
                  | but a little more powerful. [potion of mutation]
 22732 | Shoals:3 | Gained mutation: You have a somewhat thin skeletal
                  | structure. (Dex +2, Stealth+) [potion of mutation]
 22733 | Shoals:3 | Lost mutation: You are dopey. (Int -2) [potion of mutation]
 22733 | Shoals:3 | Lost mutation: You are frail. (-10% HP) [potion of
                  | mutation]
 22733 | Shoals:3 | Gained mutation: You have a pair of small horns on your
                  | head. [potion of mutation]
 22734 | Shoals:3 | Lost mutation: Your spells are a little harder to cast, but
                  | a little more powerful. [potion of mutation]
 22734 | Shoals:3 | Lost mutation: You have a pair of small horns on your head.
                  | [potion of mutation]
 22734 | Shoals:3 | Gained mutation: You occasionally shout uncontrollably at
                  | your foes. [potion of mutation]
 22745 | Shoals:3 | Noticed Aduepsicimn's ghost (adept FoFi)
 22781 | Shoals:3 | Found a large runed translucent door.
 22781 | Shoals:3 | Found a large runed translucent door.
 22851 | Shoals:3 | Killed Aduepsicimn's ghost
 22857 | Shoals:3 | Identified the +1 cloak of the Bull {+Blink Dex-5 Stlth+}
 23130 | Shoals:4 | Entered Level 4 of the Shoals
 23199 | Shoals:4 | Found Bathroc's Mayhem Merchandise.
 23410 | Shoals:4 | Reached XP level 18. HP: 54/143 MP: 33/33
 23522 | Shoals:4 | Escaped the Abyss
 23525 | Shoals:4 | Killed from afar by a wind drake

Illustrated notes

Levels and vault maps discovered:
D:1:      nzn_arrival_settlement, layout_loops_ring,
          shapermc_ecumenical_altar_pompeii
D:2:      layout_basic
D:3:      layout_rooms, tso_oasis_becter, serial_shops,
          nicolae_shop_temple_entry_statues_fountains
D:4:      layout_loops_corners, elyvilon_altar_3, bloody_makhleb,
          minmay_temple_entry_waves, uniq_robin
D:5:      layout_rooms, slow_altar_1, nicolae_qazlal_eye_of_the_storm,
          grunt_gozag_breadcrumbs, serial_shops, nicolae_take_the_stairs,
          minmay_holes, st_stairs_4, minmay_pentangle, uniq_ijyb, uniq_grinder
D:6:      layout_gridville, mainiacjoe_overflow_paths,
          amcnicky_mini_pool_medium, uniq_duvessa, uniq_blork_the_orc
D:7:      layout_gridville, mainiacjoe_overflow_six_doors_small,
          grunt_ashenzari_visionary [grunt_ashenzari_visionary_shoals,
          grunt_ashenzari_visionary_spider], serial_shops, nicolae_square_shop,
          nicolae_stop_n_shop_2, nicolae_sextant, kennysheep_cross_room
D:8:      layout_basic, gammafunk_temple_overflow_wave, serial_shops, shop,
          minmay_unpleasant_kobolds
D:9:      layout_roguey, mainiacjoe_overflow_surrounded_room,
          minmay_misc_feat_pillars, uniq_erolcha
D:10:     hellmonk_ghost_happy_afterlife, layout_small_grid, zin_angel,
          erik_lair_orcish_takeover
D:11:     layout_basic, orc_david_3
D:12:     layout_long_grid, advil_vaults_ghost_lines
D:13:     layout_basic, serial_shops, nicolae_lakefront_shop,
          kennysheep_decorative_pillar, minmay_fire_ice_demons
D:14:     layout_loops_corners, grunt_vaults_entry_fortified,
          minmay_misc_feat_doors, corexii_checkpoint_a, nrook_loot_triangle,
          guppyfry_shop_venom
D:15:     hangedman_depths_entry_try_elsewhere_first, layout_small_grid,
          moated_statue
Lair:1:   layout_chaotic_city, uniq_joseph, uniq_sonja
Lair:2:   layout_regular_city, st_stairs_13, beast_lair_carwin_5,
          infiniplex_staircase_pool_2
Lair:3:   layout_chaotic_city, minmay_shoals_entry_hut
Lair:4:   layout_hall_layers, spider_nest_entry_rubble, basic_altar
Lair:5:   layout_gridlike, dpeg_slime_entry_enclosed_altar
Lair:6:   hangedman_lair_tendril_chambers, layout_gridlike
Shoals:1: layout_shoals, nicolae_shoals_arrival_archipelago, uniq_nikola
Shoals:2: layout_shoals, nicolae_shoals_this_corrosion, uniq_louise
Shoals:3: layout_shoals, advil_vaults_ghost_guards, nicolae_shop_firing_range,
          uniq_polyphemus
Shoals:4: shoals_end_hangedman, layout_shoals, advil_vaults_ghost_guards,
          minmay_shop_mayhem, nicolae_shoals_sun_and_surf
Orc:1:    gammafunk_ghost_arena, layout_diamond_mine, enter_bailey_4,
          nicolae_shop_gadgets, uniq_maurice, uniq_gastronok
Orc:2:    st_orc_rangers, layout_caves, portal_ice_cave_entry_pillars_2,
          serial_shops, shop

Skill      XL: |  1  2  3  4  5  6  7  8  9 10 11 12 13 14 15 16 17 |
---------------+----------------------------------------------------+-----
Short Blades   | 1 2 3 4 5 6 7 8 9 10 11 | 11.6
Long Blades    | 1 2 3 4 5 6 7 8 9 10 11 | 11.6
Maces & Flails | 1 2 3 4 5 6 7 8 9 10 11 | 11.6
Polearms       | 1 2 3 4 5 6 7 8 9 10 11 | 11.6
Staves         | 1 2 3 4 5 6 7 8 9 10 11 | 11.6
Slings         | 1 2 3 4 5 6 7 8 9 10 11 | 11.6
Bows           | 1 2 3 4 5 6 7 8 9 10 11 | 11.6
Crossbows      | 1 2 3 4 5 6 7 8 9 10 11 | 11.6
Throwing       | 1 2 3 4 5 6 7 8 9 10 11 | 11.6
Stealth        | 1 2 3 4 5 6 7 8 9 10 11 | 11.6
Shields        | 1 2 3 4 5 6 7 8 9 10 11 | 11.6
Unarmed Combat | 1 2 3 4 5 6 7 8 9 10 11 | 11.6
Spellcasting   | 1 2 3 4 5 6 7 8 9 10 11 | 11.6
Evocations     | 1 2 3 4 5 6 7 8 9 10 11 | 11.6
Conjurations   | 1 2 3 4 5 6 7 8 9 |  9.8
Hexes          | 1 2 3 4 5 6 7 8 9 |  9.8
Summonings     | 1 2 3 4 5 6 7 8 9 |  9.8
Necromancy     | 1 2 3 4 5 6 7 8 9 |  9.8
Translocations | 1 2 3 4 5 6 7 8 9 |  9.8
Transmutations | 1 2 3 4 5 6 7 8 9 |  9.8
Fire Magic     | 1 2 3 4 5 6 7 8 9 |  9.8
Ice Magic      | 1 2 3 4 5 6 7 8 9 |  9.8
Air Magic      | 1 2 3 4 5 6 7 8 9 |  9.8
Earth Magic    | 1 2 3 4 5 6 7 8 9 |  9.8
Poison Magic   | 1 2 3 4 5 6 7 8 9 |  9.8
Dodging        | 3 4 5 6 7 8 9 10 11 | 11.9
Invocations    | 5 6 7 8 9 10 11 12 13 | 13.4
Axes           | 5 6 7 8 9 10 11 12 | 12.4
Armour         | 5 6 7 8 9 10 11 12 | 12.4
Fighting       | 7 8 9 10 11 12 13 | 13.2

Action                   |  1- 3 |  4- 6 |  7- 9 | 10-12 | 13-15 | 16-18 || total
-------------------------+-------+-------+-------+-------+-------+-------++-------
Melee: Hand axe          |     4 |       |       |       |       |       ||     4
       Bite              |     4 |    10 |    30 |    65 |   171 |    86 ||   366
       War axe           |    31 |   167 |   294 |   546 |   956 |   456 ||  2450
       Punch             |       |       |     3 |     9 |       |       ||    12
       Broad axe         |       |       |       |       |     8 |       ||     8
Throw: Javelin           |       |     1 |    12 |     3 |       |       ||    16
       Throwing net      |       |       |     1 |       |       |       ||     1
       Dart              |       |       |       |    40 |    20 |     4 ||    64
Invok: Depart the Abyss  |     1 |       |       |     1 |     1 |     1 ||     4
       Banish            |       |       |       |     5 |     8 |     1 ||    14
       Bend Space        |       |       |       |       |     2 |     2 ||     4
       Enter the Abyss   |       |       |       |       |       |     1 ||     1
  Use: Potion            |     1 |     1 |     1 |     2 |     6 |     7 ||    18
       Scroll            |       |     5 |     4 |    13 |     8 |     7 ||    37
 Stab: Held in net/web   |       |       |     2 |       |       |       ||     2
       Sleeping          |       |       |       |       |       |     1 ||     1
Armor: Leather armour    |    20 |     1 |       |       |       |       ||    21
       Chain mail        |       |   146 |   238 |   377 |   133 |       ||   894
       Skin              |       |       |    17 |       |       |       ||    17
       Plate armour      |       |       |       |       |   466 |   348 ||   814
Dodge: Dodged            |    40 |   114 |   152 |   417 |   738 |   460 ||  1921
       Repelled          |       |       |       |       |     8 |    10 ||    18
Block: Buckler           |       |       |       |    97 |   573 |   354 ||  1024

Table legend: (Time is in decaauts)
 A = Elapsed time spent in this place.
 B = Non-inter-level travel time spent in this place.
 C = Inter-level travel time spent in this place.
 D = Time resting spent in this place.
 E = Time spent auto-exploring this place.
 F = Levels seen in this place.
 G = Mean time per level.
                   A        B        C        D        E       F      G
               +--------+--------+--------+--------+--------+-----+--------+
         Total |  23890 |  22611 |   1279 |    958 |  15245 |  34 |  702.6 |
       Dungeon |  13628 |  12953 |    675 |    559 |   9027 |  15 |  908.5 |
          Lair |   5296 |   4954 |    342 |    121 |   3590 |   6 |  882.7 |
        Shoals |   2991 |   2865 |    126 |    115 |   1706 |   4 |  747.8 |
  Orcish Mines |   1324 |   1190 |    134 |     20 |    697 |   2 |  662.0 |
         Abyss |    304 |    304 |      0 |     94 |    107 |   6 |   50.7 |
        Bailey |    344 |    344 |      0 |     49 |    117 |   1 |  344.0 |
               +--------+--------+--------+--------+--------+-----+--------+

Top non-repeatable levels by time:
    D:14: 1436 daAuts
  Lair:6: 1361 daAuts
    D:13: 1158 daAuts
     D:1: 1141 daAuts
     D:4: 1018 daAuts
     D:5: 1007 daAuts
Shoals:2: 980 daAuts
     D:6: 952 daAuts
  Lair:3: 938 daAuts
    D:12: 895 daAuts
Shoals:3: 888 daAuts
  Lair:1: 849 daAuts
    D:10: 842 daAuts
    D:15: 831 daAuts
Shoals:1: 831 daAuts
